 Dungeon Crawl Stone Soup version 0.22-a0-596-gfbd32a6 (webtiles) character file.

5961 sking99 the Martial Artist (level 10, -4/71 HPs)
             Began as an Octopode Transmuter on July 5, 2018.
             Was a Believer of Yredelemnul.
             Slain by a wyvern (9 damage)
             ... on level 9 of the Dungeon.
             The game lasted 00:32:52 (11219 turns).

sking99 the Martial Artist (Octopode Transmuter)   Turns: 11219, Time: 00:32:52

Health: -4/71      AC:  1    Str: 14    XL:     10   Next: 84%
Magic:  0/14       EV: 18    Int: 16    God:    Yredelemnul [**....]
Gold:   539        SH:  0    Dex: 15    Spells: 6/15 levels left

rFire    . . .     SeeInvis .     - Unarmed
rCold    . . .     Gourm    .   (no shield)
rNeg     . . .     Faith    .   (helmet restricted)
rPois    .         Spirit   +   h - amulet of guardian spirit
rElec    .         Reflect  .   w - +4 ring of strength
rCorr    .         Harm     .   (no ring)
MR       .....                  (no ring)
Stlth    ++........             (no ring)
HPRegen  0.21/turn              (no ring)
MPRegen  0.14/turn              (no ring)
                                (no ring)
                                (no ring)

@: invisible
A: almost no armour, stealthy swim, amphibious, 8 rings, constrict 8, camouflage
1, gelatinous body 1
a: Animate Remains, Recall Undead Slaves, Injury Mirror, Renounce Religion


You were on level 9 of the Dungeon.
You worshipped Yredelemnul.
Yredelemnul was pleased with you.
You were not hungry.

You visited 2 branches of the dungeon, and saw 10 of its levels.
You also visited: Sewer.

You collected 539 gold pieces.

Inventory:

Missiles
 a - 116 arrows
Jewellery
 f - an uncursed ring of ice
 h - an amulet of guardian spirit (around mantle)
 q - an uncursed amulet of the gourmand
 w - a +4 ring of strength (left tentacle)
 C - an uncursed ring of stealth {unknown}
Wands
 j - a wand of digging (9)
 m - a wand of flame (36)
 y - a wand of acid (2)
 z - a wand of iceblast (10)
Scrolls
 g - 5 scrolls of teleportation
 i - 3 scrolls of identify
 n - 4 scrolls of enchant weapon
 o - 5 scrolls of remove curse
 r - a scroll of fear
Potions
 b - 3 potions of degeneration {unknown}
 d - 3 potions of magic
 e - 3 potions of invisibility
 k - 3 potions of mutation {unknown}
 l - 5 potions of curing {unknown}
 p - a potion of berserk rage {unknown}
 s - 3 potions of agility {unknown}
 t - a potion of might
 u - 2 potions of brilliance {unknown}
 v - a potion of lignification {unknown}
 A - a potion of flight {unknown}
 B - a potion of haste {unknown}
Comestibles
 c - 14 rations


   Skills:
 - Level 7.2 Fighting
 - Level 7.2 Dodging
 + Level 9.8 Unarmed Combat
 - Level 3.0 Spellcasting
 + Level 6.3 Transmutations
 - Level 3.0 Ice Magic
 - Level 2.0 Poison Magic
 + Level 3.2 Invocations


You had 6 spell levels left.
You knew the following spells:

 Your Spells              Type           Power        Failure   Level  Hunger
b - Sticks to Snakes      Tmut           ###.....     1%          2    ##.....
c - Spider Form           Tmut/Pois      ###.......   10%         3    ###....
d - Ice Form              Ice/Tmut       ###.....     26%         4    #####..

Your spell library contained the following spells:

 Spells                   Type           Power        Failure   Level  Hunger
 Blade Hands              Tmut           ###.......   36%         5    ######.
 Beastly Appendage        Tmut           ###...       1%          1    #......


Dungeon Overview and Level Annotations

Branches:
Dungeon (9/15)             Temple (1/1) D:7            Lair (0/6) D:9
    Orc: D:9-12

Altars:
Ashenzari
Cheibriados
Dithmenos
Elyvilon
Fedhas
Gozag
Hepliaklqana
Kikubaaqudgha
Makhleb
Nemelex Xobeh
Okawaru
Qazlal
Ru
Sif Muna
Trog
Uskayaw
Vehumet
Wu Jian
Xom
Yredelemnul
Zin
The Shining One

Shops:
D:5 (   D:6 *   D:8 (

Annotations:
D:4 3 runed doors, gmonis's ghost, amateur MiBe
D:9 Gastronok


Innate Abilities, Weirdness & Mutations

You cannot wear most types of armour.
You are very stealthy in the water. (Stealth+)
You are amphibious.
You can wear up to eight rings at the same time.
You can use your tentacles to constrict eight enemies at once.
Your skin changes colour to match your surroundings (Stealth+).
Your rubbery body absorbs attacks. (AC +1, EV +1)


Message History

18 stones; a yak skeleton The wyvern bites you!
The wyvern bites you!!
Casting: Spider Form (safe; 10% risk of failure)
Confirm with . or Enter, or press ? or * to list all spells.
You create a snake!
You now have 116 arrows.
The wyvern bites you!!
* * * LOW HITPOINT WARNING * * *
The wyvern barely misses you.
Casting: Sticks to Snakes (safe; 1% risk of failure)
Confirm with . or Enter, or press ? or * to list all spells.
You don't have enough magic to cast that spell.
Okay, then.
Okay, then.
Press: ? - help, v - describe, . - travel
Here: a wyvern The floor.
You fade into invisibility!
The wyvern bites you!
You die...
Your body rises from the dead as a mindless zombie.

.#<....#########.Z.....#
.).....# ###Z....#
.####### #.##### .# #Z#
.# ###.### '### #.....#
...# #.##### ...# #.#
...# #@# #### #l# #S#
#o# #.# #.# #o# . #o# ..
#.#


You could see an orc warrior, a wyvern, 2 orc wizards and a friendly adder.

Vanquished Creatures
  Joseph (D:8)
  3 yaks (D:9)
  Grum (D:9)
  2 hungry ghosts (D:9)
  Edmund (D:4)
  A water moccasin (D:7)
  A hell hound (D:9)
  3 orc warriors
  A black bear (D:9)
  A necrophage (D:6)
  3 phantoms
  2 ogres
  4 wolves (D:9)
  A crocodile (D:8)
  A big kobold (D:9)
  A wyvern zombie (D:6)
  9 bullfrogs
  3 scorpions
  3 howler monkeys
  A crimson imp (D:9)
  2 centaur zombies
  2 quasits
  6 orc priests
  2 bullfrog zombies
  3 hounds
  A jelly (D:8)
  5 orc wizards
  A centaur skeleton (D:5)
  2 iguanas
  Ijyb (D:4)
  7 worker ants
  A hound skeleton (D:4)
  6 gnolls
  15 adders
  2 shadow imps
  An adder zombie (D:9)
  4 oozes
  3 worms (D:3)
  2 dart slugs (D:2)
  12 leopard geckos
  33 orcs
  3 ball pythons
  10 giant cockroaches
  6 goblins
  5 hobgoblins (D:1)
  6 jackals
  6 kobolds
  3 quokkas
  11 bats
  6 frilled lizards
  A jackal zombie (D:7)
  A quokka skeleton (D:4)
  7 rats
219 creatures vanquished.

Vanquished Creatures (collateral kills)
  2 two-headed ogres
  An orc (D:6)
  4 rats (D:9)
7 creatures vanquished.

Vanquished Creatures (others)
  A hell hound zombie (D:9)
  2 wolf skeletons (D:9)
  An ogre skeleton (D:9)
  An iguana zombie (D:9)
  An orc skeleton (D:8)
6 creatures vanquished.

Grand Total: 232 creatures vanquished

Notes
Turn   | Place    | Note
-------+----------+-------------------------------------------
     0 | D:1      | sking99 the Octopode Transmuter began the quest for the Orb.
     0 | D:1      | Reached XP level 1. HP: 13/13 MP: 3/3
    83 | D:1      | Reached XP level 2. HP: 17/18 MP: 5/5
   350 | D:1      | Reached XP level 3. HP: 17/24 MP: 4/6
   805 | D:1      | Reached skill level 4 in Unarmed Combat
   982 | D:1      | Learned a level 2 spell: Sticks to Snakes
   986 | D:1      | Learned a level 3 spell: Spider Form
  1505 | D:1      | Reached XP level 4. HP: 19/29 MP: 7/7
  1806 | D:2      | Reached skill level 1 in Poison Magic
  2304 | D:2      | Found a blossoming altar of Fedhas.
  2507 | D:2      | Found a faded altar of an unknown god.
  2512 | D:2      | Reached XP level 5. HP: 34/34 MP: 8/8
  3325 | D:3      | Found a glowing drain.
  3404 | Sewer    | Entered a sewer
  3503 | Sewer    | Reached skill level 5 in Unarmed Combat
  3614 | Sewer    | Reached XP level 6. HP: 30/39 MP: 7/10
  3767 | D:3      | Learned a level 4 spell: Ice Form
  3848 | D:3      | Noticed a phantom
  3881 | D:3      | Killed a phantom
  3881 | D:3      | Reached XP level 7. HP: 31/44 MP: 4/11
  4003 | D:3      | Reached skill level 6 in Unarmed Combat
  4728 | D:4      | HP: 2/45 [poisoned by a worker ant]
  4735 | D:4      | HP: 2/45 [poisoned by a worker ant]
  4743 | D:4      | HP: 1/45 [poisoned by a worker ant]
  5281 | D:4      | Noticed Ijyb
  5293 | D:4      | Killed Ijyb
  5372 | D:4      | Noticed Edmund
  5392 | D:4      | Killed Edmund
  5392 | D:4      | Reached XP level 8. HP: 27/52 MP: 3/12
  5663 | D:4      | Found a runed gate.
  5663 | D:4      | Found a runed gate.
  5664 | D:4      | Found a runed gate.
  6051 | D:4      | Noticed gmonis's ghost (amateur MiBe)
  6096 | D:5      | Entered Level 5 of the Dungeon
  6321 | D:5      | Found Vamnom's Weapon Boutique.
  6797 | D:5      | Reached skill level 5 in Transmutations
  6947 | D:6      | Found Feumm's Evil Emporium.
  6974 | D:6      | Found a basalt altar of Yredelemnul.
  7330 | D:6      | Found a glowing silver altar of Zin.
  7330 | D:6      | Noticed an angel
  7354 | D:6      | Reached skill level 7 in Unarmed Combat
  7593 | D:6      | Noticed a two-headed ogre
  7663 | D:6      | Reached skill level 5 in Dodging
  7663 | D:6      | Reached XP level 9. HP: 42/60 MP: 8/13
  7715 | D:6      | Killed a two-headed ogre
  7715 | D:6      | Reached skill level 5 in Fighting
  7959 | D:6      | Reached skill level 8 in Unarmed Combat
  8075 | D:6      | Became a worshipper of Yredelemnul the Dark
  8102 | D:7      | Found a stormy altar of Qazlal.
  8282 | D:7      | Found a shimmering altar of Xom.
  8304 | D:7      | Found a staircase to the Ecumenical Temple.
  8313 | Temple   | Entered the Ecumenical Temple
  8471 | D:7      | Found a deep blue altar of Sif Muna.
  9112 | D:8      | Reached * piety under Yredelemnul
  9177 | D:8      | Found Mopon's Antique Weapon Shop.
  9218 | D:8      | Noticed Joseph
  9235 | D:8      | Killed Joseph
  9235 | D:8      | Reached XP level 10. HP: 48/69 MP: 8/14
  9509 | D:8      | Found the +0 pair of fencer's gloves {+Riposte Dex+3}
  9586 | D:8      | Reached skill level 9 in Unarmed Combat
  9651 | D:8      | Found a shadowy altar of Dithmenos.
  9922 | D:9      | Noticed Grum
  9942 | D:9      | Killed Grum
  9942 | D:9      | Reached skill level 1 in Ice Magic
 10147 | D:9      | Noticed a two-headed ogre
 10157 | D:9      | Killed a two-headed ogre
 10157 | D:9      | Reached skill level 1 in Invocations
 10333 | D:9      | Noticed a moth of wrath
 10336 | D:9      | Found a bloodstained altar of Trog.
 10359 | D:9      | Reached ** piety under Yredelemnul
 10410 | D:9      | Noticed Gastronok
 11174 | D:9      | Found a staircase to the Lair.
 11219 | D:9      | Slain by a wyvern

Vault maps used:
D:1:      scummos_arrival_checkerplants, kennysheep_minor_cross
D:2:      nicolae_overflow_hidden_temple, chequers_ecumenical_altar_grove,
          kennysheep_another_room, dk_noncrumbling_3
D:3:      cheibrodos_sewer_entry_bend
D:4:      gammafunk_ghost_necromancy, first_ration, uniq_ijyb, uniq_edmund
D:5:      serial_shops, nicolae_shop_waterfront, nrook_mini_vaults,
          minmay_misc_feat_five
D:6:      zin_angel, nicolae_evil_shop
D:7:      nicolae_overflow_crystal_walls, overflow_temple_1_default,
          minmay_temple_entry_trees, basic_altar
D:8:      lemuel_crystal_altar, serial_shops, kennysheep_mini, uniq_joseph
D:9:      tgw_trog, minmay_lair_entry_lava, blue_anna_alchemist, uniq_gastronok,
          uniq_grum
Temple:   eino_temple_rhombus
Sewer:    sewer_frog_island_01

Skill      XL: |  1  2  3  4  5  6  7  8  9 10 |
---------------+-------------------------------+-----
Unarmed Combat | 4 5 6 7 8 9 |  9.8
Poison Magic   | 1 2 |  2.0
Transmutations | 3 4 5 6 |  6.3
Spellcasting   | 3 |  3.0
Fighting       | 3 4 6 7 |  7.2
Dodging        | 3 5 6 7 |  7.2
Ice Magic      | 3 |  3.0
Invocations    | 3 |  3.2

Action                   |  1- 3 |  4- 6 |  7- 9 | 10-12 || total
-------------------------+-------+-------+-------+-------++-------
Melee: Unarmed           |    67 |   167 |   297 |   169 ||   700
       Constrict         |    14 |    17 |     8 |     3 ||    42
       Kick              |     9 |     4 |     1 |       ||    14
       Tentacles         |     8 |    11 |     5 |     4 ||    28
       Punch             |     3 |     4 |       |     3 ||    10
 Cast: Beastly Appendage |    10 |     5 |     1 |       ||    16
       Sticks to Snakes  |     4 |       |     7 |     3 ||    14
       Spider Form       |       |    18 |    38 |    18 ||    74
Invok: Animate Remains   |       |       |       |     9 ||     9
  Use: Scroll            |       |     7 |     6 |     1 ||    14
       Potion            |       |       |       |     1 ||     1
 Stab: Distracted        |     1 |     2 |       |     1 ||     4
       Sleeping          |       |     6 |     6 |     1 ||    13
  Eat: Chunk             |     2 |     7 |    18 |    10 ||    37
       Ration            |       |     1 |     1 |     1 ||     3
Armor: Skin              |     9 |     3 |     7 |     9 ||    28
Dodge: Dodged            |    67 |    98 |   217 |   146 ||   528

Table legend:
 A = Spawn XP
 B = Non-spawn XP
 C = Spawn XP percentage of total XP
 D = Spawn monster count
 E = Non-spawn monster count
 F = Spawn count percentage of total count
 G = Total turns spent on level
                    A         B        C        D         E        F      G
               +---------+---------+-------+---------+---------+-------+---------
         Total |       0 |    8516 |   0.0 |       0 |     226 |   0.0 | 11219
               +---------+---------+-------+---------+---------+-------+---------
           D:1 |       0 |      76 |   0.0 |       0 |      25 |   0.0 |  1587
           D:2 |       0 |     128 |   0.0 |       0 |      34 |   0.0 |  1520
           D:3 |       0 |     318 |   0.0 |       0 |      29 |   0.0 |   942
           D:4 |       0 |     539 |   0.0 |       0 |      18 |   0.0 |  1904
           D:5 |       0 |     361 |   0.0 |       0 |      12 |   0.0 |   637
           D:6 |       0 |    1670 |   0.0 |       0 |      18 |   0.0 |  1147
           D:7 |       0 |     480 |   0.0 |       0 |      17 |   0.0 |   713
           D:8 |       0 |    1569 |   0.0 |       0 |      25 |   0.0 |  1236
           D:9 |       0 |    3134 |   0.0 |       0 |      28 |   0.0 |  1040
         Sewer |       0 |     241 |   0.0 |       0 |      20 |   0.0 |   357
               +---------+---------+-------+---------+---------+-------+---------
